 Dungeon Crawl Stone Soup version 0.17-a0-1850-g688e747 (webtiles) character file.

188 kosy22 the Ruffian (level 5, -1/72 HPs)
             Began as a Troll Transmuter on Sept 18, 2015.
             Slain by a gnoll
             ... wielding a +0 spear
              (4 damage)
             ... on level 3 of the Dungeon.
             The game lasted 00:10:03 (2769 turns).

kosy22 the Ruffian (Troll Transmuter)               Turns: 2769, Time: 00:10:05

Health: -1/72      AC:  6    Str: 29    XL:     5   Next: 39%
Magic:  6/6        EV: 10    Int:  9    God:
Gold:   181        SH:  0    Dex: 10    Spells: 2 memorised, 3 levels left

rFire  . . .     SeeInvis .     m - +4 quarterstaff (chaos)
rCold  . . .     Clarity  .     b - +0 robe
rNeg   . . .     SustAt   .     (no shield)
rPois  .         Gourm    +     (helmet restricted)
rElec  .         Spirit   .     n - +0 cloak
rCorr  .         Warding  .     (gloves unavailable)
rMut   .         Stasis   .     (boots unavailable)
MR     .....                    (no amulet)
Stlth  ..........               (no ring)
                                l - +5 ring of strength

@: berserking (expiring), very quick, not resistant to hostile enchantments,
extremely unstealthy
A: unfitting armour, claws 3, fast metabolism 3, gourmand, regeneration 2,
shaggy fur 1, tough skin 2
a: no special abilities


You were on level 3 of the Dungeon.
You were not hungry.

You visited 1 branch of the dungeon, and saw 3 of its levels.

You collected 181 gold pieces.

Inventory:

Hand weapons
 m - a +4 quarterstaff of chaos (weapon)
Missiles
 a - 49 arrows
Armour
 b - a +0 robe (worn)
 n - a +0 cloak (worn)
Jewellery
 l - a +5 ring of strength (left claw)
 u - a cursed ring of teleportation
Magical devices
 k - a wand of digging (9)
 r - a wand of flame (45)
Scrolls
 d - a scroll of remove curse
 e - a scroll of teleportation
 o - a scroll of identify
 q - 2 scrolls of recharging
Potions
 f - a potion of might {unknown}
 h - 2 potions of curing
 i - a potion of cure mutation {unknown}
 j - a potion of brilliance {unknown}
 p - a potion of degeneration {unknown}
Books
 c - a book of Changes

   Spells                             Type                      Level
   a - Beastly Appendage              Transmutation                1
   b - Sticks to Snakes               Transmutation                2
   c - Spider Form                    Transmutation/Poison         3
   d - Ice Form                       Ice/Transmutation            4
   e - Blade Hands                    Transmutation                5
Comestibles
 g - 2 meat rations


   Skills:
 + Level 1.6 Fighting
 + Level 1.0 Staves
 + Level 3.1 Dodging
 + Level 0.3 Stealth
 + Level 4.1 Unarmed Combat
 + Level 1.3 Spellcasting
 + Level 1.6 Transmutations


You had 3 spell levels left.
You knew the following spells:

 Your Spells              Type           Power        Failure   Level  Hunger
a - Beastly Appendage     Trmt           #.....       17%         1    ##.....
b - Sticks to Snakes      Trmt           #.........   28%         2    ###....


Dungeon Overview and Level Annotations

Branches:
Dungeon (3/15)

Altars:
Kikubaaqudgha


Innate Abilities, Weirdness & Mutations

You are too large for most types of armour.
You have claws for hands.
Your metabolism is lightning-fast.
You like to eat raw meat.
You heal very quickly.
You are covered in fur (AC +1).
You have very tough skin (AC +2).


Message History

* * * LOW HITPOINT WARNING * * *
The rat bites you but does no damage. The gnoll barely misses you.
You thump the gnoll!
You kill the gnoll!
Your Staves skill increases to level 1!
The gnoll closely misses you. The gnoll barely misses you.
The gnoll hits you from afar with a halberd.
* * * LOW HITPOINT WARNING * * *
You closely miss the hobgoblin. The rat barely misses you.
The gnoll closely misses you.
The hobgoblin hits you but does no damage.
The gnoll hits you with a spear.
* * * LOW HITPOINT WARNING * * *
You completely miss the hobgoblin.
The gnoll hits you from afar with a halberd!
* * * LOW HITPOINT WARNING * * *
The rat bites you but does no damage. The gnoll barely misses you.
The hobgoblin hits you but does no damage.
The gnoll hits you with a spear.
You die...

##.....## ***,,*
#.......## **,*#,**
.........####....,,**
.........'......#**,#
.........######.# *.#
#.......###...#*###.#
##.....###.....##..#*
###...###......g#r#*
........#..._.gg@.#
......###......g#.#
..##.Z####.....##.#
..##..##.##...#*#.#
.>#...##.#####* #.#
.......#.# #.#
......##.########.#
.##...............#
.........##########


You could see 3 gnolls, a hobgoblin and a rat.

Vanquished Creatures
  Crazy Yiuf (D:2)
  An orc priest (D:3)
  A hound (D:3)
  2 adders
  A gnoll (D:3)
  2 giant geckos
  8 orcs (D:3)
  A ball python (D:2)
  7 bats
  14 goblins
  4 hobgoblins
  10 kobolds
  2 quokkas
  A giant cockroach (D:2)
  3 giant newts
  9 rats
67 creatures vanquished.

Notes
Turn   | Place    | Note
--------------------------------------------------------------
     0 | D:1      | kosy22 the Troll Transmuter began the quest for the Orb.
     0 | D:1      | Reached XP level 1. HP: 18/18 MP: 1/1
   145 | D:1      | Reached XP level 2. HP: 26/26 MP: 2/2
  1109 | D:2      | Noticed Crazy Yiuf
  1114 | D:2      | Killed Crazy Yiuf
  1114 | D:2      | Reached skill level 1 in Fighting
  1114 | D:2      | Reached XP level 3. HP: 31/33 MP: 3/3
  1207 | D:2      | Found a faded altar to an unknown god.
  1521 | D:2      | Reached XP level 4. HP: 41/41 MP: 5/5
  1525 | D:2      | Learned a level 2 spell: Sticks to Snakes
  1835 | D:2      | Reached skill level 4 in Unarmed Combat
  2291 | D:3      | Reached XP level 5. HP: 48/48 MP: 6/6
  2759 | D:3      | Found an ancient bone altar of Kikubaaqudgha.
  2767 | D:3      | Reached skill level 1 in Staves
  2769 | D:3      | HP: 3/72 [gnoll/halberd (11)]
  2769 | D:3      | Slain by a gnoll

Vault maps used:
D:1:      lightli_arrival_lavapool
D:2:      ecumenical_altar_1, uniq_crazy_yiuf_cottage
D:3:      lemuel_round_altar

Action                   |  1- 3 |  4- 6 || total
-------------------------+-------+-------++-------
Melee: Unarmed           |    53 |       ||    53
       Quarterstaff      |    25 |    72 ||    97
 Cast: Beastly Appendage |     1 |       ||     1
  Use: Scroll            |     5 |     6 ||    11
       Potion            |       |     1 ||     1
 Stab: Sleeping          |     1 |     1 ||     2
  Eat: Bread ration      |     3 |     1 ||     4
       Beef jerky        |     2 |       ||     2
       Fruit             |       |     2 ||     2
